 Dungeon Crawl Stone Soup version 0.20.1-1-g8b1a95d (webtiles) character file.

58 pstr the Conjurer (level 4, -6/24 HPs)
             Began as a Kobold Conjurer on Nov 12, 2017.
             Killed by divine providence
             ... invoked by an orc priest
              (14 damage)
             ... on level 2 of the Dungeon.
             The game lasted 00:07:33 (2350 turns).

pstr the Conjurer (Kobold Conjurer)                 Turns: 2350, Time: 00:07:33

Health: -6/24      AC:  3    Str:  5    XL:     4   Next: 21%
Magic:  1/8        EV: 15    Int: 17    God:
Gold:   71         SH:  0    Dex: 15    Spells: 5/8 levels left

rFire    . . .     SeeInvis .   o - +0 dagger
rCold    . . .     Gourm    .   (shield restricted)
rNeg     . . .     Faith    .   f - +0 leather armour
rPois    .         Spirit   .   (no helmet)
rElec    .         Reflect  .   (no cloak)
rCorr    .         Harm     .   (no gloves)
MR       .....                  (no boots)
Stlth    ++........             (no amulet)
Regen    0.1/turn               (no ring)
MPRegen  0.2/turn               (no ring)

@: no status effects
A: carnivore 3
a: no special abilities


You were on level 2 of the Dungeon.
You were completely stuffed.

You visited 1 branch of the dungeon, and saw 2 of its levels.

You collected 71 gold pieces.

Inventory:

Hand Weapons
 d - a +0 club
 e - a +0 short sword
 o - a +0 dagger (weapon)
Missiles
 i - 50 stones (quivered)
Armour
 a - a +0 robe
 f - a +0 leather armour (worn)
Scrolls
 g - 3 scrolls of enchant weapon {unknown}
 h - 2 scrolls of identify {unknown}
 l - a scroll of remove curse {unknown}
 p - a scroll of fear {unknown}
Potions
 k - a potion of heal wounds
 m - a potion of resistance {unknown}
 n - a potion of magic {unknown}
Books
 b - a book of Conjurations

   Spells                             Type                      Level
   a - Magic Dart                     Conjuration                  1
   b - Searing Ray                    Conjuration                  2
   c - Dazzling Spray                 Conjuration/Hexes            3
   d - Fulminant Prism                Conjuration/Hexes            4
   e - Force Lance                    Conjuration/Translocation    4
   f - Iskenderun's Mystic Blast      Conjuration                  4
Comestibles
 c - a meat ration
 j - a chunk of flesh


   Skills:
 + Level 0.1 Armour
 + Level 3.1 Dodging
 + Level 3.1 Stealth
 + Level 2.7 Spellcasting
 + Level 4.7 Conjurations


You had 5 spell levels left.
You knew the following spells:

 Your Spells              Type           Power        Failure   Level  Hunger
a - Magic Dart            Conj           ###.         4%          1    #......
b - Searing Ray           Conj           ###...       6%          2    ##.....


Dungeon Overview and Level Annotations

Branches:
Dungeon (2/15)

Altars:
Okawaru


Innate Abilities, Weirdness & Mutations

You are small and have problems with some larger weapons.
You are carnivorous and can eat meat at any time.


Message History

Confirm with . or Enter, or press ? or * to list all spells.
Aiming: Searing Ray
Press: ? - help, Shift-Dir - straight line, f - orc priest
Aim: an orc priest, wielding a short sword The searing ray hits the orc priest.
The orc priest is lightly wounded. (Press . to maintain the ray.)
The adder hisses angrily.
The orc priest calls down the wrath of Beogh upon you.
Beogh smites you!
Ouch! That really hurt!
It was a potion of heal wounds.
You feel much better.
The orc priest mumbles some strange prayers to Beogh against you.
Beogh smites you!
Ouch! That really hurt!
Some of the chunks of flesh in your inventory have rotted away.
The orc priest calls down the wrath of Beogh upon you.
Beogh smites you!
Ouch! That really hurt!
You die...

##### #...#
######...# #........#
#........#
###.....>..#
#.......[..#
#####÷#........#
##....÷.....@...#
###..#######......#
##...###ooo###.....#
##..#.##.ooo.##..####
#..#..#.......#So#
#.....#.≈...≈.#.##
#.....#.......#.#
#.†...#.......#o#
......#.......#.#


You could see an orc priest, an adder and an orc.

Vanquished Creatures
  A dart slug (D:1)
  A leopard gecko (D:1)
  3 orcs (D:2)
  5 bats
  3 giant cockroaches
  5 goblins
  8 hobgoblins
  8 jackals (D:1)
  4 kobolds
  A quokka (D:2)
  4 frilled lizards
  3 rats (D:2)
46 creatures vanquished.

Notes
Turn   | Place    | Note
-------+----------+-------------------------------------------
     0 | D:1      | pstr the Kobold Conjurer began the quest for the Orb.
     0 | D:1      | Reached XP level 1. HP: 10/10 MP: 3/3
   379 | D:1      | Reached XP level 2. HP: 15/15 MP: 0/5
   383 | D:1      | Learned a level 2 spell: Searing Ray
   832 | D:1      | Reached XP level 3. HP: 6/19 MP: 0/6
  1882 | D:2      | Found an iron altar of Okawaru.
  2036 | D:2      | Reached XP level 4. HP: 24/24 MP: 4/7
  2350 | D:2      | Killed from afar by an orc priest

Skill      XL: |  1  2  3 |
---------------+----------+-----
Dodging        | 3 |  3.1
Stealth        | 3 |  3.1
Armour         | |  0.1
Spellcasting   | |  2.7
Conjurations   | |  4.7

Action                   |  1- 3 |  4- 6 || total
-------------------------+-------+-------++-------
Melee: Club              |     5 |       ||     5
       Short sword       |    43 |       ||    43
 Cast: Magic Dart        |    48 |     4 ||    52
       Searing Ray       |    11 |     6 ||    17
  Use: Potion            |       |     1 ||     1
  Eat: Chunk             |    13 |     1 ||    14
Armor: Robe              |    19 |       ||    19
       Leather armour    |     1 |       ||     1
Dodge: Dodged            |    87 |     3 ||    90
